 Dungeon Crawl Stone Soup version 0.31-a0-182-gc5ef74bbde (webtiles) character file.

Game seed: 14789386276343703751

221 qw the Chopper (level 5, -3/33 HPs)
             Began as a Gargoyle Fighter on June 20, 2023.
             Slain by an orc wizard
             ... wielding a +1 dagger of protection
              (4 damage)
             ... on level 3 of the Dungeon.
             The game lasted 00:01:46 (2240 turns).

qw the Chopper (Gargoyle Fighter)                   Turns: 2240, Time: 00:01:47

Health: -3/33      AC: 16    Str: 21    XL:     5   Next: 98%
Magic:  5/5        EV:  7    Int:  9    God:
Gold:   142        SH:  4    Dex:  9    Spells: 4/4 levels left

rFire   . . .        Y - +0 war axe
rCold   . . .        c - +0 buckler
rNeg    + . .        e - +0 chain mail
rPois   inf          (no helmet)
rElec   +            (no cloak)
rCorr   .            a - +2 pair of gloves
SInv    .            (no boots)
Will    .....        (no amulet) Stlth
                     (no ring)
HPRegen 0.25/turn    (no ring)
MPRegen 0.09/turn

%: no passive effects
@: no status effects
A: sickness immunity, AC +4, negative energy resistance 1, electricity
resistance, torment resistance 1, petrification resistance
a: no special abilities


You were on level 3 of the Dungeon.
You visited 1 branch of the dungeon, and saw 3 of its levels.

You collected 142 gold pieces.


Innate Abilities, Weirdness & Mutations

You are immune to sickness and miasma.
Your stone body is resilient. (AC +4)
You are immune to poison.
You resist negative energy. (rN+)
You are resistant to electric shocks. (rElec)
You are resistant to unholy torment.
You are immune to petrification.


   Skills:
 - Level 4.2 Fighting
 + Level 5.0 Axes
 - Level 3.2 Armour
 - Level 3.2 Shields


You had 4 spell levels left.
You didn't know any spells.
Your spell library was empty.

Inventory:

Hand Weapons
 k - a +0 whip
 Y - a +0 war axe (weapon)
Armour
 a - a +2 pair of gloves (worn)
 c - a +0 buckler (worn)
 e - a +0 chain mail (worn)
Scrolls
 b - a scroll of identify
 l - a scroll of silence {unknown}
 p - a scroll of vulnerability {unknown}
Potions
 d - 3 potions of might
 f - a potion of heal wounds {unknown}
 g - 2 potions of haste
 h - a potion of lignification {unknown}
 i - a potion of cancellation
 j - a potion of enlightenment {unknown}
 m - a potion of attraction {unknown}
 n - a potion of curing {unknown}
 o - a potion of mutation {unknown}

Dungeon Overview and Level Annotations

Branches:
Dungeon (3/15)

Altars:
Makhleb

Shops:
D:1 [


Message History

Something hits you.
Your Fighting skill increases to level 4!
You barely miss something. You hit something.
Something hits you but does no damage. x2; The orc throws a silver boomerang.
The silver boomerang hits you but does no damage.
You miss something. x2
You hear some strange, mumbled words.
A puff of flame appears from out of thin air!
The puff of flame hits you but does no damage.
Something hits you but does no damage.
You closely miss something. x2
You hear some strange, mumbled words.
A puff of flame appears from out of thin air!
The puff of flame hits you. Something hits you but does no damage.
The orc throws a silver boomerang.
Something hits you but does no damage. x2
You barely miss something. You closely miss something.
You hear some strange, mumbled words.
A magic dart appears from out of thin air!
The magic dart hits you. Something hits you but does no damage.
You barely miss something. You hit something but do no damage.
Something hits you but does no damage. x2
You closely miss something. You hit something.
You hear some strange, mumbled words.
A puff of flame appears from out of thin air!
The puff of flame hits you. Something hits you but does no damage.
The orc throws a silver boomerang.
You block the silver boomerang. Something hits you but does no damage.
You hear some strange, mumbled words.
A magic dart appears from out of thin air!
The magic dart hits you!
You closely miss something. x2
You hear the rapid rusting of a drain nearby.
The orc throws a silver boomerang.
You hear some strange, mumbled words.
A magic dart appears from out of thin air!
The magic dart hits you but does no damage.
Something hits you.
You hit something. You miss something. Something hits you.
You die...

##.##.#.##.#.#....#### #.
#.#...###.#.##.#.# #.
##..###.....#...#.# #.
#...####.#.#.#.)..###### #.
#~~...##.......#.......###.
#~~~..##.#.#......####.#...
#~#...#.##..#.#[#.# #.#...
#~~~..............# #.#.%#
#~#~...###@.#.#.#.# #.#..#
#~~~~.##o{{.......# #.#..#
#~#~..##.##.#.##..####.#..#
#~#~..##. #............)..#
~~#...## #.#.##(........##
####...# #.#.###........#
##.### #.#..........#.#
#.#.# ....
##.#..##.######.# #.#.#
##.###.###%###.## #.#


You could see an orc.

Vanquished Creatures
  An orc priest (D:3)
  10 adders
  A river rat (D:3)
  A worm (D:3)
  2 dart slugs
  An orc (D:3)
  6 endoplasms
  7 giant cockroaches
  4 goblins
  3 hobgoblins
  4 jackals (D:1)
  3 quokkas
  13 ball pythons
  7 bats
  5 frilled lizards
  10 kobolds
  7 rats
85 creatures vanquished.

Notes
Turn   | Place    | Note
-------+----------+-------------------------------------------
     0 | D:1      | qw the Gargoyle Fighter began the quest for the Orb.
     0 | D:1      | Reached XP level 1. HP: 14/14 MP: 1/1
     0 | D:1      | 0 ||| qw: Version: 0.3-a-9-g12657ce
     0 | D:1      | 0 ||| qw: Game counter: 1498
     0 | D:1      | 0 ||| qw: Always use a shield: true
     0 | D:1      | 0 ||| qw: God list: Okawaru
     0 | D:1      | 0 ||| qw: Allow faded altars: false
     0 | D:1      | 0 ||| qw: Do Orc after D:15 true
     0 | D:1      | 0 ||| qw: Do second Lair branch before Depths: true
     0 | D:1      | 0 ||| qw: Lair rune preference: random
     0 | D:1      | 0 ||| qw: Plans: Normal, Zot:1-4, Slime:5, God:TSO, Crypt,
                  | Tomb, Abyss, Pan, Hells, Win
     0 | D:1      | 0 ||| PLANNING D:1-11
    52 | D:1      | Reached skill level 2 in Axes
    66 | D:1      | 66 ||| Stepping ~*~*~tactically~*~*~ (hiding).
   258 | D:1      | Reached XP level 2. HP: 19/19 MP: 2/2
   349 | D:1      | You fall into a shaft and drop 1 floor!
   409 | D:2      | Reached skill level 3 in Axes
   409 | D:2      | Reached XP level 3. HP: 23/23 MP: 3/3
   456 | D:2      | 456 ||| UPGRADING to +0 chain mail.
   466 | D:2      | 466 ||| DROPPING +0 scale mail.
   467 | D:2      | 467 ||| READING scroll labelled IPYDOCS SUTI.
   470 | D:2      | Found a burning altar of Makhleb.
   495 | D:2      | 495 ||| Stepping ~*~*~tactically~*~*~ (stealth).
   497 | D:2      | 497 ||| Stepping ~*~*~tactically~*~*~ (hiding).
   498 | D:2      | 498 ||| Stepping ~*~*~tactically~*~*~ (hiding).
   527 | D:2      | 527 ||| UPGRADING to +2 pair of gloves.
   553 | D:2      | 553 ||| READING scroll labelled SEDUC ECZAROTY.
   555 | D:2      | 555 ||| FLEEEEING.
   556 | D:2      | 556 ||| FLEEEEING.
   557 | D:2      | 557 ||| FLEEEEING.
   558 | D:2      | 558 ||| FLEEEEING.
   559 | D:2      | 559 ||| STAIRDANCE
   584 | D:1      | 584 ||| Stepping ~*~*~tactically~*~*~ (stealth).
   591 | D:1      | 591 ||| Stepping ~*~*~tactically~*~*~ (hiding).
   596 | D:1      | 596 ||| Stepping ~*~*~tactically~*~*~ (stealth).
   597 | D:1      | 597 ||| Stepping ~*~*~tactically~*~*~ (stealth).
   607 | D:1      | 607 ||| Stepping ~*~*~tactically~*~*~ (stealth).
   768 | D:1      | Reached XP level 4. HP: 28/28 MP: 4/4
   880 | D:1      | 880 ||| Stepping ~*~*~tactically~*~*~ (stealth).
   882 | D:1      | 882 ||| Stepping ~*~*~tactically~*~*~ (stealth).
   897 | D:1      | 897 ||| Stepping ~*~*~tactically~*~*~ (stealth).
   898 | D:1      | 898 ||| Stepping ~*~*~tactically~*~*~ (stealth).
   899 | D:1      | 899 ||| Stepping ~*~*~tactically~*~*~ (stealth).
   990 | D:1      | Found Uckauvibb's Antique Armour Shoppe.
   996 | D:1      | 996 ||| SHOPLISTING helmet (121 gold, have 65).
   996 | D:1      | 996 ||| SHOPLISTING pair of boots (121 gold, have 65).
   996 | D:1      | 996 ||| SHOPLISTING plate armour (621 gold, have 65).
   996 | D:1      | 996 ||| SHOPLISTING shiny chain mail (202 gold, have 65).
  1044 | D:1      | 1044 ||| Stepping ~*~*~tactically~*~*~ (stealth).
  1048 | D:1      | Reached skill level 4 in Axes
  1049 | D:1      | 1049 ||| Stepping ~*~*~tactically~*~*~ (stealth).
  1053 | D:1      | 1053 ||| Stepping ~*~*~tactically~*~*~ (stealth).
  1117 | D:1      | 1117 ||| READING scroll labelled PIDDAT DAPPORPH.
  1305 | D:2      | 1305 ||| DROPPING +0 club.
  1523 | D:2      | Reached XP level 5. HP: 32/32 MP: 5/5
  1582 | D:2      | 1582 ||| DRINKING 3 smoky puce potions.
  1583 | D:2      | 1583 ||| DRINKING 2 glowing cyan potions.
  1609 | D:3      | 1609 ||| PLANNING SEWER
  1674 | D:3      | 1674 ||| Stepping ~*~*~tactically~*~*~ (hiding).
  1675 | D:3      | 1675 ||| Stepping ~*~*~tactically~*~*~ (hiding).
  1803 | D:3      | 1803 ||| Stepping ~*~*~tactically~*~*~ (stealth).
  1804 | D:3      | 1804 ||| Stepping ~*~*~tactically~*~*~ (stealth).
  1806 | D:3      | 1806 ||| Stepping ~*~*~tactically~*~*~ (stealth).
  1807 | D:3      | 1807 ||| Stepping ~*~*~tactically~*~*~ (stealth).
  1811 | D:3      | 1811 ||| Stepping ~*~*~tactically~*~*~ (stealth).
  1812 | D:3      | 1812 ||| Stepping ~*~*~tactically~*~*~ (stealth).
  1885 | D:3      | 1885 ||| Stepping ~*~*~tactically~*~*~ (stealth).
  1935 | D:3      | 1935 ||| Stepping ~*~*~tactically~*~*~ (stealth).
  1941 | D:3      | Reached skill level 5 in Axes
  1976 | D:3      | 1976 ||| Stepping ~*~*~tactically~*~*~ (stealth).
  1977 | D:3      | 1977 ||| Stepping ~*~*~tactically~*~*~ (stealth).
  2215 | D:3      | 2215 ||| Stepping ~*~*~tactically~*~*~ (water).
  2238 | D:3      | HP: 4/33 [something/magic dart (9)]
  2239 | D:3      | HP: 1/33 [something (3)]
  2240 | D:3      | Slain by an orc wizard

Levels and vault maps discovered:
D:1:      elethiomel_arrival_quiet, layout_rooms, serial_forest,
          infiniplex_forest_clump_diagonal, infiniplex_forest_lined_3_way,
          infiniplex_forest_corner_2, infiniplex_forest_split,
          infiniplex_forest_end_3, infiniplex_forest_lined_3,
          infiniplex_forest_corner_1, serial_shops, nicolae_shop_peninsula,
          roderic_roman_lattice, nicolae_figureground_sparkle
D:2:      layout_rooms, basic_altar, minmay_snake_closets
D:3:      layout_loops_ring, lightli_sewer_entry_pipes,
          nicolae_concentric_dashed_squares_wild, corexii_leaking_fountain,
          grunt_ministairs_2, uniq_crazy_yiuf_cottage

Skill      XL: |  1  2  3  4  5 |
---------------+----------------+-----
Axes           | 2 3 4 5 |  5.0
Fighting       | 4 |  4.2
Armour         | |  3.2
Shields        | |  3.2

Action                     |  1- 3 |  4- 6 || total
---------------------------+-------+-------++-------
  Melee: War axe           |    93 |   200 ||   293
    Use: Scroll            |     2 |     1 ||     3
         Potion            |       |     2 ||     2
 Armour: Scale mail        |    32 |       ||    32
         Chain mail        |    22 |   140 ||   162
  Dodge: Dodged            |    43 |    62 ||   105
  Block: Buckler           |    17 |    25 ||    42

Table legend:
 A = Non-vault XP
 B = Vault XP
 C = Vault XP percentage of total XP
 D = Non-vault monster count
 E = Vault monster count
 F = Vault count percentage of total count
                 A         B        C        D         E       F
            +---------+---------+-------+---------+---------+-------
      Total |     173 |     143 |  45.3 |      67 |      18 |  21.2
            +---------+---------+-------+---------+---------+-------
        D:1 |      56 |       0 |   0.0 |      31 |       0 |   0.0
        D:2 |      21 |     113 |  84.3 |      12 |      13 |  52.0
        D:3 |      96 |      30 |  23.8 |      24 |       5 |  17.2
            +---------+---------+-------+---------+---------+-------
